 Dungeon Crawl Stone Soup version 0.21-a0-440-g28109cb (webtiles) character file.

58261 mhoghedin the Fighter (level 14, -7/124 HPs)
             Began as a Red Draconian Venom Mage on Nov 8, 2017.
             Was the Champion of Kikubaaqudgha.
             Killed by the air
             ... invoked by Gastronok
              (29 damage)
             ... on level 1 of the Orcish Mines on Nov 10, 2017.
             The game lasted 01:37:09 (23159 turns).

mhoghedin the Fighter (Red Draconian Venom Mage)   Turns: 23159, Time: 01:37:10

Health: -7/124     AC: 13    Str: 14    XL:     14   Next: 48%
Magic:  1/27       EV: 19    Int: 20    God:    Kikubaaqudgha [******]
Gold:   1653       SH:  0    Dex: 15    Spells: 7/31 levels left

rFire    + + +     SeeInvis .   f - +3 dagger (elec)
rCold    . . .     Gourm    .   (no shield)
rNeg     . . .     Faith    .   (armour unavailable)
rPois    +         Spirit   .   (helmet restricted)
rElec    .         Reflect  .   i - +2 cloak {rPois}
rCorr    +         Harm     .   F - +1 pair of gloves of the Guardian {rCorr}
MR       +++..                  (no boots)
Stlth    +++.......             p - amulet of magic regeneration
HPRegen  0.30/turn              v - ring of Hulesa {MR+ Str+3 Dex+3}
MPRegen  0.45/turn              y - ring "Viroid" {*Drain rF++ MR+}

@: death channel (expiring), radiating poison
A: breathe fire, unfitting armour, fire resistance 1, cold-blooded, AC +8
a: Breathe Fire, Receive Corpses, Torment, Brand Weapon With Pain, Receive
Necronomicon, Renounce Religion


You were on level 1 of the Orcish Mines.
You worshipped Kikubaaqudgha.
Kikubaaqudgha was exalted by your worship.
You were hungry.

You visited 4 branches of the dungeon, and saw 21 of its levels.
You also visited: Sewer.

You collected 1653 gold pieces.

Inventory:

Hand Weapons
 f - a +3 dagger of electrocution (weapon)
   (You took it off a goblin on level 1 of the Dungeon)
Missiles
 D - 4 curare-tipped needles
Armour
 i - a +2 cloak of poison resistance (worn)
   (You took it off Maurice on level 8 of the Dungeon)
 F - the +1 pair of gloves of the Guardian (worn) {rCorr}
   (You acquired it on level 5 of the Lair of Beasts)

   It protects you from acid and corrosion.
Jewellery
 p - an amulet of magic regeneration (around neck)
   (You found it on level 3 of the Dungeon)
 v - the ring of Hulesa (left hand) {MR+ Str+3 Dex+3}
   (You found it on level 9 of the Dungeon)

   [ring of protection from magic]

   It affects your strength (+3).
   It affects your dexterity (+3).
   It affects your resistance to hostile enchantments.
 y - the ring "Viroid" (right hand) {*Drain rF++ MR+}
   (You found it on level 9 of the Dungeon)

   [ring of protection from magic]

   It greatly protects you from fire.
   It affects your resistance to hostile enchantments.
   It causes draining when unequipped.
 A - the ring of Xom's Sleight of Hands {rF+ MR+ Dex-5 SInv}
   (You found it on level 9 of the Dungeon)

   [ring of protection from magic]

   It affects your dexterity (-5).
   It protects you from fire.
   It affects your resistance to hostile enchantments.
   It lets you see invisible.
 T - an uncursed ring of ice {rC+, rF-}
   (You found it on level 3 of the Lair of Beasts)
 X - an uncursed ring of flight {+Fly, !d}
   (You found it on level 5 of the Lair of Beasts)
Wands
 a - a wand of disintegration (10/24)
   (You found it on level 6 of the Lair of Beasts)
 k - a wand of digging (13/24)
   (You took it off Maurice on level 8 of the Dungeon)
 s - a wand of lightning (0/15)
   (You found it on level 6 of the Lair of Beasts)
 u - a wand of paralysis (3/24)
   (You found it on level 4 of the Dungeon)
 E - a wand of random effects (16/48)
   (You found it on level 12 of the Dungeon)
 G - a wand of digging (12/24)
   (You found it on level 12 of the Dungeon)
 L - a wand of enslavement (13/24)
   (You found it on level 13 of the Dungeon)
 S - a wand of iceblast (5/15)
   (You found it on level 1 of the Lair of Beasts)
Scrolls
 e - 4 scrolls of fear
 g - a scroll of immolation {!r}
 h - 6 scrolls of teleportation
 j - 2 scrolls of magic mapping {!r}
 l - 3 scrolls of fog
 o - 6 scrolls of remove curse
 q - 2 scrolls of blinking {!r}
 z - 4 scrolls of identify
 H - a scroll of enchant armour
 J - a scroll of amnesia
 M - 2 scrolls of enchant weapon
 P - 2 scrolls of recharging
Potions
 c - 2 potions of haste
 m - a potion of berserk rage {!q}
 r - 2 potions of brilliance
 t - 6 potions of flight
 w - 3 potions of curing
 x - 3 potions of resistance
 C - a potion of mutation {unknown}
 N - 3 potions of ambrosia
 O - 3 potions of might
Books
 I - Kikubaaqudgha's Grimoire of Dark Secrets
   (Kikubaaqudgha gifted it to you on level 10 of the Dungeon)

   Spells                             Type                      Level
   a - Excruciating Wounds            Charms/Necromancy            5
   b - Agony                          Necromancy                   5
   c - Cigotuvi's Embrace             Necromancy                   5
   d - Dispel Undead                  Necromancy                   5
   e - Death Channel                  Necromancy                   6
 K - Kikubaaqudgha's Volume of Dark Rituals
   (Kikubaaqudgha gifted it to you on level 8 of the Dungeon)

   Spells                             Type                      Level
   a - Animate Skeleton               Necromancy                   1
   b - Corpse Rot                     Necromancy                   2
   c - Sublimation of Blood           Necromancy                   2
   d - Vampiric Draining              Necromancy                   3
   e - Control Undead                 Necromancy                   4
Comestibles
 b - 10 bread rations {@e1}
 d - 8 meat rations {@e2}
 n - 25 fruits


   Skills:
 + Level 11.2 Fighting
 + Level 7.5 Short Blades
 + Level 9.7 Dodging
 - Level 5.5 Stealth
 - Level 9.4 Spellcasting
 - Level 6.7 Conjurations
 - Level 10.7 Necromancy
 - Level 10.6 Poison Magic
 - Level 4.6 Evocations


You had 7 spell levels left.
You knew the following spells:

 Your Spells              Type           Power        Failure   Level  Hunger
a - Cigotuvi's Embrace    Necr           ######....   2%          5    #####..
b - Olgreb's Toxic Radia  Pois           ######..     1%          4    ###....
d - Venom Bolt            Conj/Pois      #####.....   5%          5    #####..
e - Death Channel         Necr           ######....   13%         6    ######.
x - Vampiric Draining     Necr           ######....   1%          3    None
A - Animate Skeleton      Necr           N/A          1%          1    None


Dungeon Overview and Level Annotations

Branches:
Dungeon (13/15)            Temple (1/1) D:4            Lair (6/6) D:11
  Swamp (0/4) Lair:3       Spider (0/4) Lair:4        Slime (0/5) Lair:6
    Orc (1/2) D:9
 Vaults: D:13-14

Altars:
Ashenzari
Cheibriados
Dithmenos
Elyvilon
Fedhas
Gozag
Hepliaklqana
Kikubaaqudgha
Makhleb
Nemelex Xobeh
Okawaru
Qazlal
Ru
Sif Muna
Trog
Uskayaw
Vehumet
Wu Jian
Xom
Yredelemnul
Zin
The Shining One
Lugonu

Annotations:
Orc:1 Gastronok


Innate Abilities, Weirdness & Mutations

You can breathe blasts of fire.
Your fiery red scales are hard. (AC +8)
You cannot fit into any form of body armour.
Your flesh is heat resistant. (rF+)
You are cold-blooded and may be slowed by cold attacks.


Message History

The orc warrior hits your spectral orc with a flail.
Your spectral orc is destroyed!
Snorg bites your spectral orc priest!!
Your spectral orc priest is destroyed!
The ogre hits your spectral orc priest with a giant club!!
Your spectral orc priest is destroyed!
Something hits your spectral orc priest.
Your spectral orc priest convulses.
Snorg shouts!
An orc wizard comes into view. It is wielding a dagger.
Okay, then.
Unknown command.
Unknown command.
Unknown command.
Aim: Snorg (moderately wounded, berserk, fast, unusually strong, poisoned)
You feel life coursing into your body.
Gastronok looks as sick as possible!
The ogre looks even sicker.
The orc wizard is poisoned.
The orc warrior looks as sick as possible!
You kill the orc warrior!
Kikubaaqudgha accepts your kill.
A glowing mist starts to gather...
Snorg bites you! Snorg claws you but does no damage.
Snorg completely misses you.
Your spectral orc hits Snorg.
Your spectral orc sorcerer hits Snorg.
Your spectral orc sorcerer drains Snorg! x2
Your spectral orc hits Gastronok but does no damage.
The warg bites your spectral orc.
The orc wizard barely misses your spectral orc.
Your spectral orc wizard barely misses Snorg.
Snorg completely misses you. x2; Snorg barely misses you.
Your spectral orc warrior barely misses the warg.
An orc, an orc priest and an orc warlord come into view.
The orc priest is wielding a flail of holy wrath.
The orc warlord is wielding a battleaxe of electrocution.
You take 9 damage, and have 38/124 hp.
You now have 10/27 mp.
Unknown command.
Unknown command.
Aim: Snorg (heavily wounded, berserk, fast, unusually strong, poisoned, lightly drained)
You feel life coursing into your body.
Gastronok looks as sick as possible!
The ogre looks as sick as possible!
The orc priest is poisoned.
The orc warlord is poisoned.
The orc is poisoned.
Your toxic aura wanes.
You kill the orc warrior!
Kikubaaqudgha accepts your kill.
A glowing mist starts to gather...
Your spectral orc hits Gastronok.
Your spectral orc barely misses Snorg.
Your spectral orc sorcerer closely misses Snorg.
The orc warrior hits your spectral troll with a dire flail!!
The warg bites your spectral orc!
Your spectral orc is destroyed!
Your spectral gnoll closely misses Snorg.
Snorg misses you. Snorg barely misses you. Snorg claws you but does no damage.
Gastronok mumbles some strange words.
The orc hits your spectral orc with a mace.
The orc wizard hits your spectral orc with a dagger.
Your spectral orc is destroyed!
Your spectral orc wizard misses Snorg.
Your spectral orc warrior hits the warg but does no damage.
Your spectral troll bites Snorg!
Your spectral troll claws Snorg! x2
You regained 6 hp, and now have 44/124 hp.
You now have 7/27 mp.
Aim: Snorg (severely wounded, berserk, fast, unusually strong, poisoned, lightly drained)
You feel life coursing into your body.
Your unholy channel is weakening.
Snorg bites you!
* * * LOW HITPOINT WARNING * * *
Snorg claws you.
* * * LOW HITPOINT WARNING * * *
Snorg claws you.
* * * LOW HITPOINT WARNING * * *
Your spectral orc sorcerer hits Snorg.
The warg bites your spectral orc!
Your spectral orc is destroyed!
The orc warlord roars a battlecry!
The orcs go into a battle-frenzy!
The orc warrior hits your spectral troll with a dire flail!
Your spectral gnoll hits Snorg.
Your spectral orc priest hits Snorg.
Snorg bites your spectral orc sorcerer.
Snorg claws your spectral orc sorcerer! x2
Your spectral troll bites Snorg.
Your spectral troll claws Snorg. x2
Snorg dies!
Kikubaaqudgha accepts your kill.
A glowing mist starts to gather...
The troll leather armour {Snorg} is intact enough to wear.
Your spectral orc warrior hits the warg but does no damage.
Your spectral orc warrior hits the ogre.
The ogre barely misses your spectral orc warrior.
You take 23 damage, and have 21/124 hp.
You now have 5/27 mp.
You don't have enough magic to cast that spell.
Unknown command.
You begin to radiate toxic energy.
The orc warlord looks even sicker.
The orc warrior looks as sick as possible!
The rat is poisoned.
The bat is poisoned.
The river rat is poisoned.
You kill the orc warrior!
Kikubaaqudgha accepts your kill.
A glowing mist starts to gather...
You kill the bat!
The bat's corpse disappears in a puff of smoke!
The warg completely misses your spectral orc priest.
Your spectral orc warrior closely misses the orc priest.
Gastronok waves his eye-stalks in wide circles.
The air twists around and strikes you!
You die...
Kikubaaqudgha rasps: "You have failed me!
Welcome... death!"

.8..............
................
8..).oo)r........
..#).oowr>.......
..).ZZ§Z)......#.
#OZ#hZ)........ ..
##)(Z.).......
##.###.ZZZZ........
#....#.Z.@Z).......
..).#....Z#).....
.#.#.....#......#
#.).)####..)..#
##$).######....
##.#)#.#.## ##.#
#....(....### ##
##..........## ###
##.##.........####.##


You could see Gastronok, an orc warlord, a warg, an ogre, an orc priest, an orc
wizard, a river rat, an orc, a rat, a friendly spectral gnoll, a friendly
spectral orc, 4 friendly spectral orc warriors, 3 friendly spectral orc priests,
a friendly spectral orc wizard, a friendly spectral orc sorcerer, a friendly
spectral troll and the friendly Snorg the spectral troll.

Vanquished Creatures
  Kirke (Lair:6)
  A frost giant (D:13)
  Fannar (D:11)
  2 hydras
  Erolcha (D:10)
  A centaur warrior (D:13)
  4 two-headed ogres
  2 death yaks
  Urug (D:11)
  Pikel (D:6)
  A harpy (shapeshifter) (D:13)
  A wolf spider (Lair:4)
  3 ugly things
  An orc sorcerer (Orc:1)
  2 deep elf magi
  2 oklob plants (Lair:6)
  3 manticores
  Maurice (D:8)
  Psyche (D:12)
  3 black mambas
  A gargoyle (D:12)
  5 spiny frogs
  4 rime drakes (Lair:6)
  5 komodo dragons
  2 efreet (D:13)
  2 trolls
  A wind drake (Lair:6)
  A hornet (D:9)
  Prince Ribbit (D:8)
  2 slime creatures (Lair:6)
  6 hippogriffs
  15 blink frogs
  Sigmund (D:5)
  A wyvern (Lair:2)
  2 hogs (Lair:6)
  Grum (D:8)
  A hungry ghost (D:9)
  28 yaks
  A vampire mosquito (D:9)
  3 wargs (D:11)
  Edmund (D:6)
  A swamp worm (Lair:3)
  A soldier ant (D:10)
  12 water moccasins
  4 porcupines
  9 orc warriors
  2 sky beasts
  An ice beast (D:4)
  A black bear (D:7)
  A necrophage (D:8)
  2 phantoms
  14 wolves
  2 centaurs (D:9)
  6 ogres
  10 crocodiles
  4 big kobolds
  11 bullfrogs
  3 scorpions
  6 killer bees (D:8)
  9 wights
  6 howler monkeys
  2 crimson imps
  2 centaur zombies
  10 hounds
  A quasit (D:9)
  17 orc priests
  A bullfrog skeleton (D:5)
  17 orc wizards
  2 centaur skeletons
  3 iguanas
  10 worker ants
  A hound zombie (D:6)
  A hound skeleton (D:6)
  2 howler monkey zombies
  A worker ant zombie (D:11)
  10 gnolls
  12 adders
  3 river rats (Sewer)
  2 shadow imps
  An ooze (D:2)
  An adder skeleton (D:7)
  7 worms
  2 dart slugs
  5 leopard geckos
  69 orcs
  4 giant cockroaches
  10 goblins
  9 hobgoblins
  16 jackals
  22 kobolds
  3 quokkas
  A ball python (D:4)
  11 bats
  5 frilled lizards
  A quokka zombie (D:6)
  15 rats
501 creatures vanquished.

Vanquished Creatures (collateral kills)
  A storm dragon (D:13)
  The ghost of Caerun the Impaler, a journeyman MiFi of Qazlal (Lair:5)
  Snorg (Orc:1)
  5 hydras
  A merfolk avatar (Lair:6)
  A two-headed ogre (D:12)
  5 death yaks
  A harpy (Lair:6)
  A deep elf mage (D:13)
  A manticore (Lair:6)
  3 black mambas (Lair:6)
  4 elephants
  5 spiny frogs
  A centaur skeleton (D:12)
  A rime drake (Lair:6)
  5 komodo dragons
  A jumping spider (Lair:4)
  2 polar bears (Lair:6)
  2 wind drakes (Lair:6)
  A slime creature (Lair:6)
  4 blink frogs (Lair:5)
  4 hippogriffs
  2 hornets (Lair:6)
  A wyvern (Lair:6)
  16 yaks
  4 vampire mosquitoes (D:12)
  A soldier ant (D:10)
  4 water moccasins
  5 porcupines
  An ice beast (D:12)
  2 orc warriors (Orc:1)
  A phantom (D:12)
  7 wolves
  7 crocodiles
  5 bullfrogs
  A scorpion (D:12)
  A quasit (D:10)
  An orc priest (D:12)
  A jelly (Lair:6)
  A gnoll (Orc:1)
  An adder (D:12)
  A bush (Lair:6)
  14 fungi
  11 plants
139 creatures vanquished.

Vanquished Creatures (others)
  5 dream sheep (Lair:4)
  A human (Lair:6)
  10 fungi
  15 plants
31 creatures vanquished.

Grand Total: 671 creatures vanquished

Notes
Turn   | Place    | Note
-------+----------+-------------------------------------------
     0 | D:1      | mhoghedin the Draconian Venom Mage began the quest for the Orb.
     0 | D:1      | Reached XP level 1. HP: 14/14 MP: 3/3
   175 | D:1      | Reached XP level 2. HP: 20/22 MP: 5/5
   278 | D:1      | Reached skill level 1 in Fighting
   284 | D:1      | Reached skill level 1 in Short Blades
   390 | D:1      | Reached skill level 2 in Dodging
   420 | D:1      | Reached XP level 3. HP: 24/28 MP: 6/6
  1105 | D:2      | Found an ornate altar of the Wu Jian Council.
  1105 | D:2      | Found a bloodstained altar of Trog.
  1121 | D:2      | Found an iron altar of Okawaru.
  1206 | D:2      | Reached skill level 2 in Fighting
  1241 | D:2      | Reached XP level 4. HP: 36/36 MP: 7/7
  1273 | D:2      | Reached skill level 2 in Short Blades
  1575 | D:3      | Found a white marble altar of Elyvilon.
  1758 | D:3      | Reached skill level 2 in Stealth
  1815 | D:3      | Found a glowing drain.
  1824 | Sewer    | Entered a sewer
  1839 | Sewer    | Reached XP level 5. HP: 37/42 MP: 8/8
  1906 | Sewer    | Reached skill level 3 in Fighting
  1906 | Sewer    | Reached skill level 3 in Dodging
  1938 | Sewer    | Found a glowing silver altar of Zin.
  2371 | D:3      | Found a sparkling altar of Nemelex Xobeh.
  2506 | D:4      | Found a snail-covered altar of Cheibriados.
  2539 | D:4      | Reached skill level 3 in Short Blades
  2539 | D:4      | Reached XP level 6. HP: 51/51 MP: 9/9
  2599 | D:4      | Found an iron altar of Okawaru.
  2604 | D:4      | Reached skill level 3 in Stealth
  2696 | D:4      | Noticed an ice beast
  2708 | D:4      | Killed an ice beast
  2780 | D:4      | Found a hide-covered altar of Uskayaw.
  2782 | D:4      | Found a sacrificial altar of Ru.
  2802 | D:4      | Reached skill level 4 in Fighting
  2802 | D:4      | Your scales start taking on a fiery red colour.
  2802 | D:4      | Reached XP level 7. HP: 59/59 MP: 10/10
  2802 | D:4      | Gained mutation: Your flesh is heat resistant. (rF+) [Red Draconian growth]
  2949 | D:4      | Found a staircase to the Ecumenical Temple.
  2959 | Temple   | Entered the Ecumenical Temple
  3237 | D:5      | Entered Level 5 of the Dungeon
  3323 | D:5      | Reached skill level 4 in Dodging
  3404 | D:5      | Reached skill level 4 in Stealth
  3506 | D:5      | Reached skill level 5 in Fighting
  3536 | D:5      | Noticed Sigmund
  3543 | D:5      | Killed Sigmund
  3543 | D:5      | Reached XP level 8. HP: 52/68 MP: 11/11
  3823 | D:6      | Reached skill level 5 in Dodging
  3823 | D:6      | Reached skill level 5 in Stealth
  4357 | D:6      | Reached skill level 6 in Fighting
  4597 | D:6      | Found a white marble altar of Elyvilon.
  4609 | D:6      | Noticed Edmund
  4630 | D:6      | HP: 17/70 [poisoned by Edmund]
  4636 | D:6      | HP: 14/70 [poisoned by Edmund]
  4642 | D:6      | HP: 13/70 [poisoned by Edmund]
  4650 | D:6      | HP: 12/70 [poisoned by Edmund]
  4658 | D:6      | HP: 12/70 [poisoned by Edmund]
  4662 | D:6      | HP: 5/70 [orc wizard/magic dart (8)]
  4976 | D:5      | Learned a level 4 spell: Olgreb's Toxic Radiance
  5022 | D:6      | Learned a level 2 spell: Poisonous Vapours
  5086 | D:6      | Reached skill level 4 in Poison Magic
  5181 | D:6      | Found a basalt altar of Yredelemnul.
  5211 | D:6      | Killed Edmund
  5211 | D:6      | Reached skill level 5 in Poison Magic
  5446 | D:6      | Reached skill level 6 in Poison Magic
  5446 | D:6      | Reached XP level 9. HP: 72/75 MP: 12/12
  5504 | D:6      | Noticed a deep elf mage
  5517 | D:6      | Killed a deep elf mage
  5517 | D:6      | Reached skill level 7 in Poison Magic
  5602 | D:6      | Noticed Pikel
  5621 | D:6      | Killed Pikel
  5621 | D:6      | Reached skill level 8 in Poison Magic
  6004 | D:7      | Found a glowing golden altar of the Shining One.
  6104 | D:7      | Found an opulent altar of Gozag.
  6490 | D:7      | Reached skill level 6 in Dodging
  6520 | D:7      | Reached skill level 7 in Fighting
  6771 | D:7      | Got a shimmering flail
  6772 | D:7      | Identified the +0 flail of Vylef {protect, Dex+7} (You found it on level 7 of the Dungeon)
  7077 | D:8      | Found an ancient bone altar of Kikubaaqudgha.
  7084 | D:8      | Became a worshipper of Kikubaaqudgha
  7191 | D:8      | Noticed a two-headed ogre
  7202 | D:8      | Found a shattered altar of Ashenzari.
  7256 | D:8      | Killed a two-headed ogre
  7256 | D:8      | Reached skill level 8 in Fighting
  7256 | D:8      | Reached skill level 7 in Dodging
  7256 | D:8      | Reached XP level 10. HP: 42/89 MP: 5/13
  7380 | D:8      | Noticed Grum
  7405 | D:8      | Killed Grum
  7425 | D:8      | HP: 19/90 [wolf[Grum] (6)]
  7426 | D:8      | HP: 4/90 [wolf[Grum] (6)]
  7433 | D:8      | HP: 13/90 [wolf[Grum] (11)]
  7770 | D:8      | Learned a level 5 spell: Venom Bolt
  7827 | D:8      | Noticed a cyan ugly thing
  7837 | D:8      | HP: 22/90 [cyan ugly thing (13)]
  7838 | D:8      | Killed a cyan ugly thing
  7838 | D:8      | Reached skill level 2 in Conjurations
  8379 | D:8      | Noticed Maurice
  8382 | D:8      | Upgraded the game from 0.21-a0-434-g806c6c2 to 0.21-a0-437-ge5bf024
  8400 | D:8      | Killed Maurice
  8400 | D:8      | Reached skill level 3 in Conjurations
  8400 | D:8      | Reached skill level 9 in Poison Magic
  8786 | D:8      | Noticed Prince Ribbit
  8804 | D:8      | Killed Prince Ribbit
  9167 | D:8      | Reached * piety under Kikubaaqudgha
  9167 | D:8      | Identified Kikubaaqudgha's Volume of Dark Rituals (Kikubaaqudgha gifted it to you on level 8 of the Dungeon)
  9167 | D:8      | Received a gift from Kikubaaqudgha
  9411 | D:8      | Noticed a two-headed ogre
  9448 | D:8      | Killed a two-headed ogre
  9448 | D:8      | Reached skill level 4 in Conjurations
  9458 | D:8      | Learned a level 1 spell: Animate Skeleton
  9898 | D:9      | Found a deep blue altar of Sif Muna.
  9916 | D:9      | Reached skill level 5 in Conjurations
  9937 | D:9      | Found a stormy altar of Qazlal.
 10332 | D:9      | Reached skill level 10 in Poison Magic
 10349 | D:9      | Reached ** piety under Kikubaaqudgha
 10371 | D:9      | Reached XP level 11. HP: 50/95 MP: 14/14
 10769 | D:9      | Reached skill level 6 in Conjurations
 10956 | D:9      | Found a staircase to the Orcish Mines.
 11031 | D:9      | Got a clouded bronze ring
 11034 | D:9      | Got a crude brass ring
 11044 | D:9      | Got a heavily runed glass ring
 11045 | D:9      | Identified the ring of Hulesa {MR+ Str+3 Dex+3} (You found it on level 9 of the Dungeon)
 11046 | D:9      | Identified the ring of Yqenkij {MR+ Str+3} (You found it on level 9 of the Dungeon)
 11048 | D:9      | Identified the ring "Viroid" {*Drain rF++ MR+} (You found it on level 9 of the Dungeon)
 11051 | D:9      | Got a glittering jade ring
 11052 | D:9      | Identified the ring of Xom's Sleight of Hands {rF+ MR+ Dex-5 SInv} (You found it on level 9 of the Dungeon)
 11128 | D:9      | Noticed a brown ugly thing
 11140 | D:9      | Killed a brown ugly thing
 11666 | D:10     | Entered Level 10 of the Dungeon
 11808 | D:10     | Reached skill level 3 in Spellcasting
 11816 | D:10     | Reached skill level 4 in Spellcasting
 12048 | D:10     | Reached *** piety under Kikubaaqudgha
 12048 | D:10     | Identified Kikubaaqudgha's Grimoire of Dark Secrets (Kikubaaqudgha gifted it to you on level 10 of the Dungeon)
 12048 | D:10     | Received a gift from Kikubaaqudgha
 12225 | D:10     | Reached skill level 1 in Necromancy
 12233 | D:10     | Learned a level 5 spell: Cigotuvi's Embrace
 12243 | D:10     | Noticed Erolcha
 12463 | D:10     | Killed Erolcha
 12463 | D:10     | Reached skill level 3 in Necromancy
 12780 | D:10     | Reached skill level 4 in Necromancy
 12792 | D:10     | HP: 21/95 [yak (3)]
 12797 | D:10     | Reached skill level 5 in Necromancy
 12797 | D:10     | HP: 18/95 [yak (1)]
 12860 | D:10     | Noticed a two-headed ogre
 12873 | D:10     | Killed a two-headed ogre
 12873 | D:10     | Reached skill level 6 in Necromancy
 13182 | D:11     | Found a staircase to the Lair.
 13192 | D:11     | Noticed Urug
 13220 | D:11     | HP: 29/142 [Urug/enchanted glaive (14)]
 13221 | D:11     | Killed Urug
 13227 | D:11     | HP: 22/142 [warg (1)]
 13228 | D:11     | Reached skill level 5 in Spellcasting
 13813 | D:11     | HP: 19/95 [manticore (5)]
 13815 | D:11     | Reached XP level 12. HP: 20/103 MP: 1/19
 14279 | D:11     | Reached skill level 7 in Necromancy
 14730 | D:11     | Noticed Fannar
 14960 | D:11     | Killed Fannar
 14960 | D:11     | Reached skill level 6 in Spellcasting
 15103 | D:11     | Learned a level 6 spell: Death Channel
 15179 | Lair:1   | Entered Level 1 of the Lair of Beasts
 15731 | Lair:1   | Reached skill level 8 in Necromancy
 15770 | Lair:1   | Reached **** piety under Kikubaaqudgha
 15787 | Lair:1   | HP: 15/103 [blink frog (15)]
 16239 | Lair:1   | Reached skill level 7 in Spellcasting
 16265 | Lair:1   | HP: 18/103 [blink frog (12)]
 16810 | Lair:2   | Reached skill level 9 in Necromancy
 16962 | Lair:2   | Learned a level 3 spell: Vampiric Draining
 16999 | Lair:2   | Noticed a seven-headed hydra
 17042 | Lair:2   | Reached skill level 10 in Necromancy
 17369 | Lair:3   | Found a stormy altar of Qazlal.
 17569 | Lair:3   | Found a labyrinth entrance.
 17675 | Lair:3   | Noticed a six-headed hydra
 17680 | Lair:3   | Upgraded the game from 0.21-a0-437-ge5bf024 to 0.21-a0-440-g28109cb
 17689 | Lair:3   | Killed a six-headed hydra
 18169 | Lair:3   | Found a staircase to the Swamp.
 18343 | Lair:4   | Found a shimmering altar of Xom.
 18348 | Lair:4   | Reached skill level 1 in Evocations
 18375 | Lair:4   | Reached XP level 13. HP: 55/110 MP: 9/24
 18486 | Lair:4   | Reached skill level 8 in Spellcasting
 18850 | Lair:4   | Found a hole to the Spider Nest.
 19157 | Lair:5   | Noticed Caerun's ghost (journeyman MiFi)
 19258 | Lair:5   | Reached skill level 9 in Spellcasting
 19272 | Lair:5   | Killed Caerun's ghost
 19413 | Lair:5   | Reached ***** piety under Kikubaaqudgha
 19508 | Lair:5   | Reached skill level 9 in Fighting
 19512 | Lair:5   | Reached skill level 4 in Short Blades
 19700 | Lair:5   | Reached skill level 2 in Evocations
 19712 | Lair:5   | Identified a scroll of acquirement
 19718 | Lair:5   | Got a pair of spiked gloves
 19724 | Lair:5   | Identified the +1 pair of gloves of the Guardian {rCorr} (You acquired it on level 5 of the Lair of Beasts)
 20206 | Lair:6   | Entered Level 6 of the Lair of Beasts
 20233 | Lair:6   | Noticed Kirke
 20244 | Lair:6   | Killed Kirke
 20244 | Lair:6   | Reached skill level 8 in Dodging
 20392 | Lair:6   | Reached skill level 3 in Evocations
 20491 | Lair:6   | Found a staircase to the Slime Pits.
 20545 | Lair:6   | Reached skill level 5 in Short Blades
 20621 | Lair:6   | Reached skill level 4 in Evocations
 20624 | Lair:6   | Reached skill level 10 in Fighting
 20677 | Lair:6   | Reached XP level 14. HP: 73/121 MP: 24/27
 20951 | Lair:6   | Reached skill level 6 in Short Blades
 21288 | Lair:6   | Reached skill level 9 in Dodging
 21504 | D:12     | Reached ****** piety under Kikubaaqudgha
 21523 | D:12     | Noticed Psyche
 21527 | D:12     | Killed Psyche
 22223 | D:13     | Found a glowing silver altar of Zin.
 22223 | D:13     | Found a snail-covered altar of Cheibriados.
 22224 | D:13     | Noticed a frost giant
 22232 | D:13     | Noticed a storm dragon
 22320 | D:13     | Killed a frost giant
 22325 | D:13     | Killed a storm dragon
 22325 | D:13     | Reached skill level 7 in Short Blades
 22436 | D:13     | Reached skill level 11 in Fighting
 23061 | Orc:1    | Entered Level 1 of the Orcish Mines
 23145 | Orc:1    | Noticed Gastronok
 23145 | Orc:1    | Noticed Snorg
 23157 | Orc:1    | Noticed an orc warlord
 23158 | Orc:1    | HP: 26/124 [Snorg (6)]
 23158 | Orc:1    | Killed Snorg
 23159 | Orc:1    | Killed from afar by Gastronok

Vault maps used:
D:1:      dpeg_arrival_rhombi, minmay_pentomino_s4
D:2:      kennysheep_six_static_rooms, gammafunk_temple_overflow_claw,
          first_bread
D:3:      overflow_temple_1_default, cheibrodos_sewer_entry_bend,
          grunt_ministairs_8, elyvilon_altar_5
D:4:      kennysheep_slug_shrine, minitemple, minmay_temple_entry_junction_2,
          okawaru_ov_weapons_minmay
D:5:      nrook_pool_corridor, uniq_sigmund
D:6:      kennysheep_mini, nicolae_overflow_crystal_walls,
          guppyfry_early_elven_hall, uniq_edmund, uniq_pikel
D:7:      nicolae_tso_carved_into_rock,
          nicolae_gozag_cash_rules_everything_around_me
D:8:      overflow_temple_1_default, kiku_gazebo_pond_becter, uniq_grum,
          uniq_maurice, uniq_prince_ribbit1
D:9:      minmay_the_grid_triangle_9x9_recursive_2_mashed,
          overflow_temple_1_default, lemuel_round_altar, hiddenorc1_lemuel
D:10:     hangedman_pestilent_swarm, uniq_erolcha
D:11:     erik_lair_orcish_takeover, uniq_fannar, uniq_urug, uniq_psyche
D:13:     erik_vaults_1, jmf_multi_god_temple
Temple:   corrupted_temple
Lair:3:   minmay_swamp_entry_worms, basic_altar, lab_entry_generic,
          lemuel_fruit_tree
Lair:4:   spider_nest_entry_funnel_web, kb_xom_exploding_sheep
Lair:5:   beast_lair_carwin_2, lemuel_fruit_fields
Lair:6:   gammafunk_lair_ancient_temple, minmay_slime_entry_pillars,
          minmay_lair_oklob_chamber, uniq_kirke
Orc:1:    serial_shops, nicolae_shop_temple_entry_statues_fountains,
          nicolae_shop_statue_plus, shop_fountains, uniq_gastronok, uniq_snorg
Sewer:    sewer_kobolds

Skill      XL: |  1  2  3  4  5  6  7  8  9 10 11 12 13 14 |
---------------+-------------------------------------------+-----
Fighting       | 1 2 3 4 5 6 8 10 11 | 11.2
Short Blades   | 1 2 3 5 7 |  7.5
Dodging        | 2 3 4 5 7 8 9 |  9.7
Stealth        | 2 3 4 5 |  5.5
Poison Magic   | 6 8 10 | 10.6
Conjurations   | 5 6 |  6.7
Spellcasting   | 5 7 9 |  9.4
Necromancy     | 6 10 | 10.7
Evocations     | 1 4 |  4.6

Action                   |  1- 3 |  4- 6 |  7- 9 | 10-12 | 13-15 || total
-------------------------+-------+-------+-------+-------+-------++-------
Melee: Unarmed           |    11 |       |       |       |       ||    11
       Dagger            |   102 |   165 |   352 |   543 |   268 ||  1430
       Tailslap          |     6 |    12 |    34 |    60 |    49 ||   161
       Flail             |       |       |     2 |       |       ||     2
 Cast: Sting             |     3 |       |       |       |       ||     3
       Poisonous Vapours |       |       |     9 |    17 |       ||    26
       Olgreb's Toxic Ra |       |       |     9 |    44 |    30 ||    83
       Venom Bolt        |       |       |       |    41 |    20 ||    61
       Animate Skeleton  |       |       |       |     5 |    29 ||    34
       Cigotuvi's Embrac |       |       |       |     3 |     1 ||     4
       Death Channel     |       |       |       |     9 |    35 ||    44
       Vampiric Draining |       |       |       |     4 |    43 ||    47
Invok: Receive Corpses   |       |       |       |     3 |     2 ||     5
 Abil: Breathe Fire      |       |       |     4 |     6 |     1 ||    11
Evoke: Wand              |       |     4 |     3 |     9 |     3 ||    19
       Sack of spiders   |       |       |       |       |     3 ||     3
  Use: Potion            |       |     7 |     1 |    10 |     5 ||    23
       Scroll            |       |     1 |    10 |    10 |     9 ||    30
 Stab: Sleeping          |     4 |     6 |     7 |    13 |     4 ||    34
       Paralysed         |       |     2 |     2 |     4 |       ||     8
       Distracted        |       |       |     1 |     1 |    10 ||    12
       Invisible         |       |       |       |       |     1 ||     1
  Eat: Chunk             |     1 |     5 |    11 |    43 |    27 ||    87
       Royal jelly       |       |       |     2 |     9 |     2 ||    13
       Meat ration       |       |       |     1 |     1 |     1 ||     3
       Fruit             |       |       |       |     2 |     1 ||     3
Armor: Skin              |    30 |    30 |    79 |   196 |    84 ||   419
Dodge: Dodged            |    73 |    95 |   212 |   551 |   236 ||  1167
Block: Other             |       |       |       |    20 |     2 ||    22

Table legend:
 A = Spawn XP
 B = Non-spawn XP
 C = Spawn XP percentage of total XP
 D = Spawn monster count
 E = Non-spawn monster count
 F = Spawn count percentage of total count
 G = Total turns spent on level
                    A         B        C        D         E        F      G
               +---------+---------+-------+---------+---------+-------+---------
         Total |       0 |   83231 |   0.0 |       0 |     619 |   0.0 | 23159
               +---------+---------+-------+---------+---------+-------+---------
           D:1 |       0 |      54 |   0.0 |       0 |      32 |   0.0 |   797
           D:2 |       0 |      77 |   0.0 |       0 |      26 |   0.0 |   730
           D:3 |       0 |      83 |   0.0 |       0 |      31 |   0.0 |   796
           D:4 |       0 |     512 |   0.0 |       0 |      19 |   0.0 |   729
           D:5 |       0 |     864 |   0.0 |       0 |      21 |   0.0 |  1322
           D:6 |       0 |    2273 |   0.0 |       0 |      28 |   0.0 |  1384
           D:7 |       0 |     608 |   0.0 |       0 |      11 |   0.0 |  1324
           D:8 |       0 |    5250 |   0.0 |       0 |      54 |   0.0 |  2550
           D:9 |       0 |    4434 |   0.0 |       0 |      56 |   0.0 |  1907
          D:10 |       0 |    5724 |   0.0 |       0 |      38 |   0.0 |  1639
          D:11 |       0 |    5076 |   0.0 |       0 |      26 |   0.0 |  1871
          D:12 |       0 |    5020 |   0.0 |       0 |      31 |   0.0 |   738
          D:13 |       0 |    7160 |   0.0 |       0 |      15 |   0.0 |   778
        Lair:1 |       0 |    5229 |   0.0 |       0 |      20 |   0.0 |  1645
        Lair:2 |       0 |    5447 |   0.0 |       0 |      33 |   0.0 |   591
        Lair:3 |       0 |    1261 |   0.0 |       0 |       4 |   0.0 |   978
        Lair:4 |       0 |    3799 |   0.0 |       0 |      22 |   0.0 |   874
        Lair:5 |       0 |    8857 |   0.0 |       0 |      38 |   0.0 |  1071
        Lair:6 |       0 |   18299 |   0.0 |       0 |      72 |   0.0 |  1110
         Orc:1 |       0 |    3052 |   0.0 |       0 |      33 |   0.0 |    98
         Sewer |       0 |     152 |   0.0 |       0 |       9 |   0.0 |   183
               +---------+---------+-------+---------+---------+-------+---------

Vault maps used:
D:1:      dpeg_arrival_rhombi, minmay_pentomino_s4
D:2:      kennysheep_six_static_rooms, gammafunk_temple_overflow_claw,
          first_bread
D:3:      overflow_temple_1_default, cheibrodos_sewer_entry_bend,
          grunt_ministairs_8, elyvilon_altar_5
D:4:      kennysheep_slug_shrine, minitemple, minmay_temple_entry_junction_2,
          okawaru_ov_weapons_minmay
D:5:      nrook_pool_corridor, uniq_sigmund
D:6:      kennysheep_mini, nicolae_overflow_crystal_walls,
          guppyfry_early_elven_hall, uniq_edmund, uniq_pikel
D:7:      nicolae_tso_carved_into_rock,
          nicolae_gozag_cash_rules_everything_around_me
D:8:      overflow_temple_1_default, kiku_gazebo_pond_becter, uniq_grum,
          uniq_maurice, uniq_prince_ribbit1
D:9:      minmay_the_grid_triangle_9x9_recursive_2_mashed,
          overflow_temple_1_default, lemuel_round_altar, hiddenorc1_lemuel
D:10:     hangedman_pestilent_swarm, uniq_erolcha
D:11:     erik_lair_orcish_takeover, uniq_fannar, uniq_urug, uniq_psyche
D:13:     erik_vaults_1, jmf_multi_god_temple
Temple:   corrupted_temple
Lair:3:   minmay_swamp_entry_worms, basic_altar, lab_entry_generic,
          lemuel_fruit_tree
Lair:4:   spider_nest_entry_funnel_web, kb_xom_exploding_sheep
Lair:5:   beast_lair_carwin_2, lemuel_fruit_fields
Lair:6:   gammafunk_lair_ancient_temple, minmay_slime_entry_pillars,
          minmay_lair_oklob_chamber, uniq_kirke
Orc:1:    serial_shops, nicolae_shop_temple_entry_statues_fountains,
          nicolae_shop_statue_plus, shop_fountains, uniq_gastronok, uniq_snorg
Sewer:    sewer_kobolds

Table legend:
 A = Turns spent in this place as a percentage of turns spent in the entire game.
 B = Non-inter-level travel turns spent in this place as a percentage of non-inter-level travel turns spent in the entire game.
 C = Inter-level travel turns spent in this place as a percentage of turns spent in this place.
 D = Turns resting spent in this place as a percentage of non-inter-level travel turns spent in this place.
 E = Turns spent auto-exploring this place as a percentage of non-inter-level travel turns spent in this place.
 F = Non-inter-level travel turns spent in this place divided by the number of levels of this place that you've seen.
                   A       B       C       D       E      F
               +-------+-------+-------+-------+-------+----------------------
         Total | 100.0 | 100.0 |   3.9 |  27.3 |  50.1 | 1011.6
       Dungeon |  71.5 |  71.7 |   3.6 |  32.7 |  45.8 | 1228.1
        Temple |   0.2 |   0.1 |  31.8 |   0.0 |  96.7 |  30.0
          Lair |  27.1 |  26.9 |   4.6 |  14.3 |  61.3 | 996.5
  Orcish Mines |   0.4 |   0.4 |   0.0 |   0.0 |  35.7 |  98.0
         Sewer |   0.8 |   0.8 |   0.0 |   0.0 |  53.6 | 183.0
               +-------+-------+-------+-------+-------+----------------------

Table legend:
 A = Kills in this place as a percentage of kills in entire the game.
 B = Kills by you in this place as a percentage of kills by you in the entire game.
 C = Kills by friends in this place as a percentage of kills by friends in the entire game.
 D = Other kills in this place as a percentage of other kills in the entire game.
 E = Experience gained in this place as a percentage of experience gained in the entire game.
 F = Experience gained in this place divided by the number of levels of this place that you have seen.
                   A       B       C       D       E      F
               +-------+-------+-------+-------+-------+----------------------
         Total | 100.0 | 100.0 | 100.0 | 100.0 | 100.0 | 3783.2
       Dungeon |  62.7 |  73.5 |  17.7 |   0.0 |  44.6 | 2856.5
          Lair |  30.5 |  19.0 |  78.8 | 100.0 |  51.5 | 7148.7
  Orcish Mines |   5.3 |   5.8 |   3.5 |   0.0 |   3.7 | 3052.0
         Sewer |   1.5 |   1.8 |   0.0 |   0.0 |   0.2 | 152.0
               +-------+-------+-------+-------+-------+----------------------
